 Dungeon Crawl Stone Soup version 0.27-a0-1006-g1fd4cec11e (webtiles) character file.

Game seed: 14530920839062480718

6 siradein the Charlatan (level 1, 0/15 HPs)
             Began as a Demonspawn Artificer on Apr 17, 2021.
             Slain by a hobgoblin (1 damage)
             ... on level 1 of the Dungeon.
             The game lasted 00:00:55 (398 turns).

siradein the Charlatan (Demonspawn Artificer)        Turns: 398, Time: 00:00:56

Health: 0/15       AC:  5    Str: 12    XL:     1   Next: 75%
Magic:  1/1        EV: 11    Int: 12    God:
Gold:   23         SH:  0    Dex: 13    Spells: 0/0 levels left

rFire    . . .     SeeInvis .   h - +0 hand axe
rCold    . . .     Faith    .   (no shield)
rNeg     . . .     Spirit   .   b - +0 leather armour
rPois    .         Reflect  .   (no helmet)
rElec    .         Harm     .   (no cloak)
rCorr    .         Rampage  .   a - +0 pair of gloves
Will     .....                  g - +0 pair of boots
Stlth    +.........             (no amulet)
HPRegen  0.05/turn              (no ring)
MPRegen  0.07/turn              (no ring)

@: no status effects
A: no striking features
a: no special abilities


You were on level 1 of the Dungeon.
You visited 1 branch of the dungeon, and saw 1 of its levels.

You collected 23 gold pieces.

Inventory:

Hand Weapons
 h - a +0 hand axe (weapon)
Armour
 a - a +0 pair of gloves (worn)
 b - a +0 leather armour (worn)
 g - a +0 pair of boots (worn)
Wands
 c - a wand of flame (15) (quivered)
 d - a wand of charming (15)
Scrolls
 f - a scroll of identify {unknown}
Miscellaneous
 e - a piece from Xom's chessboard (14/15)


   Skills:
 + Level 1.4 Fighting
 - Level 1.7 Armour
 - Level 0.8 Dodging
 - Level 0.8 Stealth
 + Level 3.2 Evocations


You couldn't memorise any spells.
You didn't know any spells.
Your spell library contained the following spells:

 Spells                   Type           Power      Damage    Failure   Level
 Magic Dart               Conj           0%         1d3       38%         1
 Blink                    Tloc           N/A        N/A       54%         2
 Call Imp                 Summ           0%         N/A       54%         2
 Slow                     Hex            0%         N/A       54%         2
 Conjure Flame            Conj/Fire      0%         6-21      77%         3
 Mephitic Cloud           Conj/Pois/Air  0%         N/A       77%         3


Dungeon Overview and Level Annotations

Branches:
Dungeon (1/15)

Altars:


Message History

You hit the bat.
The bat is severely wounded.
The bat closely misses you. The bat barely misses you.
You barely miss the bat.
The bat is severely wounded.
The bat barely misses you. x2
You closely miss the bat.
The bat is severely wounded.
The bat misses you. The bat barely misses you.
You closely miss the bat.
The bat is severely wounded.
The bat barely misses you.
You closely miss the bat.
The bat is severely wounded.
The bat misses you. The bat hits you but does no damage. x2
You hit the bat.
You kill the bat!
You closely miss the hobgoblin. The hobgoblin barely misses you.
The hobgoblin hits you but does no damage.
You slash the hobgoblin!
You kill the hobgoblin!
Things that are here:
a hobgoblin corpse; a bat corpse You see here 7 stones.
You see here a +0 pair of gloves.
You start putting on your armour.
You continue putting on your +0 pair of gloves. x3
The hobgoblin hits you but does no damage.
You continue putting on your +0 pair of gloves.
The hobgoblin barely misses you.
You finish putting on your +0 pair of gloves.
You closely miss the hobgoblin. The hobgoblin barely misses you.
You closely miss the hobgoblin. The hobgoblin hits you. x2
You barely miss the hobgoblin. The hobgoblin hits you.
* * * LOW HITPOINT WARNING * * *
You closely miss the hobgoblin. The hobgoblin barely misses you.
You see here a +0 robe.
You make a move on Xom's chessboard...
The hobgoblin struggles to resist.
The hobgoblin hits you.
You die...

#.### ## #.#.. #.. #.#..
#.### #.#.. #.#.. #.#..
#.#.# #.#.. #.#.##.#
###.#.#
########.#....#.#
#...#.# .........@###.#.
#.###.#
........g.......#
#......
..........###.###
#####.# ..........###.#
#...#.. ...)..........##
#.#.#.. ...............#
#.#.#.. ...............#
#.#.### ..........#....#
#.#.# #
..........###(######.#.#
#


You could see a hobgoblin.

Vanquished Creatures
  A ball python (D:1)
  A hobgoblin (D:1)
  2 bats (D:1)
  A frilled lizard (D:1)
  A rat (D:1)
6 creatures vanquished.

Notes
Turn   | Place    | Note
-------+----------+-------------------------------------------
     0 | D:1      | siradein the Demonspawn Artificer began the quest for the
                  | Orb.
     0 | D:1      | Reached XP level 1. HP: 15/15 MP: 1/1
   398 | D:1      | Slain by a hobgoblin

Illustrated notes

Levels and vault maps discovered:
D:1:      amcnicky_arrival_gap_in_the_tavern_cellar, layout_basic,
          ebering_ecumenical_altar_webs

Action                   || total
-------------------------++-------
Melee: Hand axe          ||    29
       Club              ||     1
Evoke: Piece from Xom's  ||     1
Armor: Leather armour    ||    25
Dodge: Dodged            ||    34

Table legend: (Time is in decaauts)
 A = Elapsed time spent in this place.
 B = Non-inter-level travel time spent in this place.
 C = Inter-level travel time spent in this place.
 D = Time resting spent in this place.
 E = Time spent auto-exploring this place.
 F = Levels seen in this place.
 G = Mean time per level.
                   A        B        C        D        E       F      G
               +--------+--------+--------+--------+--------+-----+--------+
         Total |    406 |    406 |      0 |      0 |    306 |   1 |  406.0 |
       Dungeon |    406 |    406 |      0 |      0 |    306 |   1 |  406.0 |
               +--------+--------+--------+--------+--------+-----+--------+

Top non-repeatable levels by time:
     D:1: 406 daAuts
